 Dungeon Sprint DCSS version 0.20-b1-2-gc5a9893 (webtiles) character file.

5359 Snowbourne the Imperceptible (level 10, -2/44 HPs)
             Began as a Spriggan Enchanter on May 22, 2017.
             Was a Follower of Dithmenos.
             Killed from afar by a white imp (7 damage)
             ... with a puff of frost
             ... summoned by a kobold demonologist
             ... in the Dungeon (Sprint I: "Red Sonja").
             The game lasted 00:09:27 (796 turns).

Snowbourne the Imperceptible (Spriggan Enchanter)    Turns: 796, Time: 00:09:28

Health: -2/44      AC:  2    Str:  4    XL:     10   Next: 39%
Magic:  3/15       EV: 18    Int: 17    God:    Dithmenos [*.....]
Gold:   798        SH:  0    Dex: 20    Spells: 2/14 levels left

rFire    . . .     SeeInvis +   a - +1 dagger
rCold    . . .     Gourm    .   (shield restricted)
rNeg     . . .     Faith    .   b - +0 robe
rPois    .         Spirit   .   (helmet restricted)
rElec    .         Reflect  .   (no cloak)
rCorr    .         Harm     .   (gloves unavailable)
MR       +....     NoTele   +   (boots unavailable)
Stlth    ++++++++++             (no amulet)
Regen    0.2/turn               (no ring)
MPRegen  0.2/turn               (no ring)

@: wreathed by umbra, very quick
A: unfitting armour, see invisible, herbivore 3, speed 3, slow metabolism 2
a: Renounce Religion


You were in the Dungeon.
You worshipped Dithmenos.
Dithmenos was aware of your devotion.
You were not hungry.

You visited 1 branch You collected 819 gold pieces.
You donated 21 gold pieces to Zin.

Inventory:

Hand Weapons
 a - a +1 dagger (weapon)
Armour
 b - a +0 robe (worn)
Wands
 i - a wand of digging (9/24)
Scrolls
 j - a scroll of blinking
 n - a scroll of identify {unknown}
 o - a scroll of fear {unknown}
Potions
 e - 3 potions of curing
 f - a potion of heal wounds
 g - a potion of haste
 h - 2 potions of magic
 l - a potion of lignification {unknown}
Books
 c - a book of Maledictions

   Spells                             Type                      Level
   a - Corona                         Hexes                        1
   b - Ensorcelled Hibernation        Hexes/Ice                    2
   c - Confuse                        Hexes                        3
   d - Tukima's Dance                 Hexes                        3
   e - Dazzling Spray                 Conjuration/Hexes            3
 m - Luanoluj's Compendium of Unholy Hexes
   (You found it in the Dungeon)

   Spells                             Type                      Level
   a - Confusing Touch                Hexes                        1
   b - Pain                           Necromancy                   1
   c - Inner Flame                    Hexes/Fire                   3
   d - Excruciating Wounds            Charms/Necromancy            5
   e - Yara's Violent Unravelling     Hexes/Transmutation          5
   f - Dispel Undead                  Necromancy                   5
Comestibles
 d - 2 bread rations
 k - 4 fruits


   Skills:
 - Level 1.1 Short Blades
 - Level 3.0 Dodging
 * Level 26.7 Stealth
 - Level 2.6 Spellcasting
 + Level 16.5 Hexes


You had 2 spell levels left.
You knew the following spells:

 Your Spells              Type           Power        Failure   Level  Hunger
a - Corona                Hex            ######.      1%          1    #......
b - Ensorcelled Hibernat  Hex/Ice        ####..       1%          2    ##.....
c - Confuse               Hex            ######..     1%          3    ###....
d - Dazzling Spray        Conj/Hex       ####..       1%          3    ###....
e - Tukima's Dance        Hex            ######..     1%          3    ###....


Dungeon Overview and Level Annotations

Branches:
Dungeon (1/1)

Altars:
Cheibriados
Dithmenos
Elyvilon
Fedhas
Gozag
Hepliaklqana
Kikubaaqudgha
Makhleb
Nemelex Xobeh
Okawaru
Qazlal
Ru
Sif Muna
Trog
Uskayaw
Vehumet
Xom
Yredelemnul
Zin
The Shining One
Jiyva
Lugonu

Shops:
D !%[??%[


Innate Abilities, Weirdness & Mutations

You are very small and have problems with some larger weapons.
You are too small for most types of armour.
You have supernaturally acute eyesight. (SInv)
You are a herbivore.
You cover ground extremely quickly.
You need consume almost no food.


Message History

Confirm with . or Enter, or press ? or * to list all spells.
Aiming: Ensorcelled Hibernation
Press: ? - help, Shift-Dir - straight line, f - kobold demonologist, p - floating eye
Aim: a kobold demonologist, wielding a dagger and wearing a runed robe (umbra, not susceptible)
Okay, then.
Casting: Ensorcelled Hibernation
Confirm with . or Enter, or press ? or * to list all spells.
Aiming: Confuse
Press: ? - help, Shift-Dir - straight line, f - kobold demonologist, p - floating eye
Aim: a kobold demonologist, wielding a dagger and wearing a runed robe (umbra, chance to defeat MR: 58%)
The kobold demonologist resists with significant effort.
The soul eater draws from the surrounding life force!
The white imp gestures at you. The puff of frost hits you!
* * * LOW HITPOINT WARNING * * *
The kobold demonologist casts a cantrip, but nothing happens.
The floating eye seems to glare at you. The white imp gestures at you.
The puff of frost hits you!
You die...

######################
.)'..#.)'..#__#.@'55.#
..#.)'..#..'..'..#KG.#
####'#####'#__####.3.+
###..#...#)#### ####
__####..##.#
_____##'#..+
_.∩...'..._#
_..__##_.#'##+###
_____###'#(#.[%)###


You could see a soul eater, a kobold demonologist, a floating eye, a white imp
and a shadow imp.

Vanquished Creatures
  Sonja (D)
  A deep troll (D)
  8 shining eyes (D)
  A kobold demonologist (D)
  A slime creature (D)
  Sigmund (D)
  A yak (D)
  4 floating eyes (D)
  An ogre (D)
  A jelly (D)
  Ijyb (D)
  3 ballistomycetes (D)
  A ballistomycete spore (D)
25 creatures vanquished.

Vanquished Creatures (others)
  A ballistomycete spore (D)
1 creature vanquished.

Grand Total: 26 creatures vanquished

Notes
Turn   | Place    | Note
-------+----------+-------------------------------------------
     0 | D        | Snowbourne the Spriggan Enchanter began the quest for the Orb.
     0 | D        | Reached XP level 1. HP: 9/9 MP: 5/5
     2 | D        | Noticed Ijyb
    12 | D        | Killed Ijyb
    12 | D        | Reached skill level 8 in Stealth
    12 | D        | Reached skill level 5 in Hexes
    12 | D        | Reached XP level 2. HP: 9/13 MP: 6/6
    40 | D        | Learned a level 2 spell: Ensorcelled Hibernation
   177 | D        | Noticed an ogre
   179 | D        | Killed an ogre
   179 | D        | Reached skill level 12 in Stealth
   179 | D        | Reached XP level 3. HP: 16/16 MP: 8/8
   179 | D        | Reached XP level 4. HP: 21/21 MP: 9/9
   194 | D        | Learned a level 3 spell: Confuse
   195 | D        | Noticed Sigmund
   200 | D        | Killed Sigmund
   200 | D        | Reached skill level 15 in Stealth
   200 | D        | Reached XP level 5. HP: 10/24 MP: 3/10
   200 | D        | Reached XP level 6. HP: 12/28 MP: 3/11
   376 | D        | Learned a level 3 spell: Dazzling Spray
   387 | D        | Found a deep blue altar of Sif Muna.
   389 | D        | Found a radiant altar of Vehumet.
   406 | D        | Found Royblafa's Magic Scroll Emporium.
   406 | D        | Found an ancient bone altar of Kikubaaqudgha.
   406 | D        | Found a hazy altar of Hepliaklqana.
   406 | D        | Found a stormy altar of Qazlal.
   406 | D        | Found a hide-covered altar of Uskayaw.
   406 | D        | Found a blossoming altar of Fedhas.
   406 | D        | Found a bloodstained altar of Trog.
   406 | D        | Found an iron altar of Okawaru.
   406 | D        | Found a basalt altar of Yredelemnul.
   406 | D        | Found a glowing golden altar of the Shining One.
   406 | D        | Found a snail-covered altar of Cheibriados.
   406 | D        | Found a sacrificial altar of Ru.
   406 | D        | Found a glowing silver altar of Zin.
   406 | D        | Found a shadowy altar of Dithmenos.
   406 | D        | Found a white marble altar of Elyvilon.
   406 | D        | Noticed a yak
   407 | D        | Found an opulent altar of Gozag.
   408 | D        | Killed a yak
   408 | D        | Reached skill level 17 in Stealth
   408 | D        | Reached skill level 10 in Hexes
   409 | D        | Found a sparkling altar of Nemelex Xobeh.
   415 | D        | Became a worshipper of Zin the Law-Giver
   415 | D        | Reached * piety under Zin
   415 | D        | Reached ** piety under Zin
   415 | D        | Reached *** piety under Zin
   415 | D        | Reached **** piety under Zin
   415 | D        | Reached ***** piety under Zin
   424 | D        | Reached ****** piety under Zin
   436 | D        | Noticed Sonja
   440 | D        | Killed Sonja
   440 | D        | Reached skill level 20 in Stealth
   440 | D        | Reached XP level 7. HP: 32/32 MP: 12/12
   440 | D        | Reached XP level 8. HP: 36/36 MP: 13/13
   449 | D        | Found Fyenly's Distillery.
   460 | D        | Noticed a shining eye
   460 | D        | Noticed a shining eye
   460 | D        | Noticed a shining eye
   460 | D        | Noticed a shining eye
   460 | D        | Noticed a shining eye
   460 | D        | Noticed a shining eye
   465 | D        | Noticed a shining eye
   465 | D        | Noticed a shining eye
   469 | D        | Reached skill level 21 in Stealth
   471 | D        | Killed a shining eye
   471 | D        | Reached skill level 22 in Stealth
   474 | D        | Killed a shining eye
   474 | D        | Reached XP level 9. HP: 39/39 MP: 12/14
   478 | D        | Reached skill level 23 in Stealth
   481 | D        | Killed a shining eye
   495 | D        | Killed a shining eye
   495 | D        | Reached skill level 24 in Stealth
   495 | D        | Reached skill level 15 in Hexes
   524 | D        | Killed a shining eye
   535 | D        | Killed a shining eye
   535 | D        | Reached skill level 25 in Stealth
   542 | D        | Killed a shining eye
   542 | D        | Reached XP level 10. HP: 44/44 MP: 2/15
   543 | D        | Killed a shining eye
   543 | D        | Reached skill level 26 in Stealth
   545 | D        | Found Toocacs's Magic Scroll Shop.
   545 | D        | Found Doust's Food Shoppe.
   545 | D        | Found Amif's Food Boutique.
   545 | D        | Found Viahi's Antique Armour Emporium.
   586 | D        | Fell from the grace of Zin
   586 | D        | Became a worshipper of Dithmenos the Shadowed
   599 | D        | Learned a level 3 spell: Tukima's Dance
   605 | D        | Noticed a deep troll
   609 | D        | Killed a deep troll
   619 | D        | Found Liuhimug's Armour Emporium.
   623 | D        | Identified Luanoluj's Compendium of Unholy Hexes
   768 | D        | Found a burning altar of Makhleb.
   768 | D        | Found a shimmering altar of Xom.
   769 | D        | Found a viscous altar of Jiyva.
   769 | D        | Found a corrupted altar of Lugonu.
   789 | D        | Reached * piety under Dithmenos
   790 | D        | Paralysed by a floating eye for 4 turns
   793 | D        | Noticed a soul eater
   796 | D        | Killed from afar by a white imp

Skill      XL: |  1  2  3  4  5  6  7  8  9 10 |
---------------+-------------------------------+-----
Stealth        | 8 12 15 20 22 25 26 | 26.7
Hexes          | 5 7 9 12 14 15 16 | 16.5
Short Blades   | |  1.1
Dodging        | |  3.0
Spellcasting   | |  2.6

Action                   |  1- 3 |  4- 6 |  7- 9 | 10-12 || total
-------------------------+-------+-------+-------+-------++-------
Melee: Dagger            |     9 |     4 |    54 |    65 ||   132
 Cast: Ensorcelled Hiber |       |     2 |     1 |     5 ||     8
       Dazzling Spray    |       |       |     6 |     1 ||     7
       Confuse           |       |       |       |     1 ||     1
Invok: Recite            |       |       |     2 |       ||     2
  Use: Potion            |     1 |       |       |       ||     1
 Stab: Sleeping          |     1 |     4 |     7 |     3 ||    15
       Invisible         |       |       |     3 |     1 ||     4
Dodge: Dodged            |     3 |     1 |       |     6 ||    10
